 Dungeon Crawl Stone Soup version 0.21.0-3-g78d12a8 (webtiles) character file.

83 Dfrag the Firebug (level 4, -9/30 HPs)
             Began as a Demonspawn Fire Elementalist on Jan 10, 2018.
             Mangled by a gnoll
             ... wielding a cursed +0 flail
              (12 damage)
             ... on level 2 of the Dungeon.
             The game lasted 00:02:32 (1856 turns).

Dfrag the Firebug (Demonspawn Fire Elementalist)    Turns: 1856, Time: 00:02:37

Health: -9/30      AC:  3    Str:  9    XL:     4   Next: 22%
Magic:  3/8        EV: 12    Int: 17    God:
Gold:   41         SH:  0    Dex: 13    Spells: 0/8 levels left

rFire    . . .     SeeInvis .   n - +0 dagger (speed)
rCold    . . .     Gourm    .   (no shield)
rNeg     + . .     Faith    .   a - +0 robe
rPois    .         Spirit   .   (no helmet)
rElec    .         Reflect  .   g - +0 cloak
rCorr    .         Harm     .   (no gloves)
MR       .....                  (no boots)
Stlth    ++........             k - amulet of rage
HPRegen  0.10/turn              h - ring of positive energy
MPRegen  0.11/turn              (no ring)

@: very slightly contaminated
A: hooves 1, rot immunity
a: Evoke Berserk Rage


You were on level 2 of the Dungeon.
You were hungry.

You visited 1 branch of the dungeon, and saw 2 of its levels.

You collected 41 gold pieces.

Inventory:

Hand Weapons
 n - a +0 dagger of speed (weapon)
Armour
 a - a +0 robe (worn)
 g - a +0 cloak (worn)
Jewellery
 h - a ring of positive energy (left hand)
 k - an amulet of rage (around neck)
Scrolls
 d - 2 scrolls of identify {unknown}
 m - a scroll of enchant weapon {unknown}
Potions
 e - a potion of heal wounds {unknown}
 f - a potion of brilliance {unknown}
 i - a potion of curing {unknown}
 j - a potion of might {unknown}
 l - a potion of resistance {unknown}
Books
 b - a book of Flames

   Spells                             Type                      Level
   a - Flame Tongue                   Conjuration/Fire             1
   b - Throw Flame                    Conjuration/Fire             2
   c - Conjure Flame                  Conjuration/Fire             3
   d - Inner Flame                    Hexes/Fire                   3
   e - Sticky Flame                   Conjuration/Fire             4
   f - Fireball                       Conjuration/Fire             5
Comestibles
 c - 2 rations
 o - 3 chunks of flesh


   Skills:
 - Level 1.7 Dodging
 - Level 1.7 Stealth
 + Level 2.9 Spellcasting
 + Level 2.4 Conjurations
 + Level 3.4 Fire Magic


You couldn't memorise any spells.
You knew the following spells:

 Your Spells              Type           Power        Failure   Level  Hunger
a - Flame Tongue          Conj/Fire      ##...        5%          1    #......
b - Conjure Flame         Conj/Fire      ##......     16%         3    ###....
c - Sticky Flame          Conj/Fire      ##......     45%         4    #####..


Dungeon Overview and Level Annotations

Branches:
Dungeon (2/15)

Altars:


Innate Abilities, Weirdness & Mutations

You have large cloven feet.
You are immune to rotting.


Message History

Press: ? - help, Shift-Dir - straight line, f - gnoll
Aim: a gnoll, wielding a flail (hasn't noticed you)
The flame tongue hits the gnoll.
The gnoll is lightly wounded.
The gnoll shouts!
Okay, then.
Unknown command.
Casting: Flame Tongue
Confirm with . or Enter, or press ? or * to list all spells.
Aiming: Sticky Flame
Press: ? - help, Shift-Dir - straight line, f/p - gnoll
Aim: a gnoll, wielding a flail (lightly wounded)
You miscast Sticky Flame.
You are very lightly contaminated with residual magic.
You are blasted with fire.
Ouch! That really hurt!
* * * LOW HITPOINT WARNING * * *
You are feeling hungry.
The gnoll hits you with a flail!
You die...

#.#.#### #.# #.....# #+##
#......# #.# #.#.#.# ##...##
###.##.# #.###.#.#.# ##.....#
##..##.###.##.[..#.# ##.).....
####)......g..##......###........
'...........g...........'........
###....#########......###........
#.#.## #g##.### ##....... #.###
#@#### ##.....# #.# #.# ##...##
#.# #.# ##'## #.# #.# #.# ..# #.#
#.# #<# ##.## #)# ##...## #.#
#.....# #.###########..#..


You could see a gnoll.

Vanquished Creatures
  3 gnolls
  2 adders (D:2)
  2 worms (D:2)
  2 giant cockroaches
  6 goblins
  2 hobgoblins (D:2)
  4 kobolds
  A quokka (D:2)
  3 bats (D:1)
  7 rats (D:1)
32 creatures vanquished.

Notes
Turn   | Place    | Note
-------+----------+-------------------------------------------
     0 | D:1      | Dfrag the Demonspawn Fire Elementalist began the quest for the Orb.
     0 | D:1      | Reached XP level 1. HP: 13/13 MP: 3/3
   331 | D:1      | Gained mutation: You have large cloven feet. [demonic ancestry]
   331 | D:1      | Reached XP level 2. HP: 12/19 MP: 1/5
   872 | D:1      | Reached skill level 3 in Fire Magic
  1226 | D:2      | Reached XP level 3. HP: 24/24 MP: 2/6
  1799 | D:1      | Gained mutation: You are immune to rotting. [demonic ancestry]
  1799 | D:1      | Reached XP level 4. HP: 29/30 MP: 4/8
  1843 | D:2      | Learned a level 3 spell: Conjure Flame
  1848 | D:2      | Learned a level 4 spell: Sticky Flame
  1856 | D:2      | Mangled by a gnoll

Skill      XL: |  1  2  3 |
---------------+----------+-----
Fire Magic     | 3 |  3.4
Conjurations   | 2 |  2.4
Dodging        | |  1.7
Stealth        | |  1.7
Spellcasting   | |  2.9

Action                   |  1- 3 |  4- 6 || total
-------------------------+-------+-------++-------
Melee: Unarmed           |    21 |       ||    21
       Kick              |     3 |       ||     3
       Dagger            |     7 |       ||     7
 Cast: Flame Tongue      |    57 |     4 ||    61
  Eat: Chunk             |     3 |       ||     3
Armor: Robe              |     9 |       ||     9
Dodge: Dodged            |    35 |     2 ||    37
